 Dungeon Crawl Stone Soup version 0.29.1-15-g9cfb28693d (webtiles) character file.

Game seed: 11810869137975684173

37 Heoruswealwe the Caller (level 3, -1/19 HPs)
             Began as a Deep Elf Summoner on Feb 21, 2023.
             Slain by a kobold
             ... wielding a +0 club
              (2 damage)
             ... on level 2 of the Dungeon.
             The game lasted 00:10:50 (1066 turns).

Heoruswealwe the Caller (Deep Elf Summoner)         Turns: 1066, Time: 00:10:51

Health: -1/19      AC:  3    Str:  5    XL:     3   Next: 23%
Magic:  8/10       EV: 12    Int: 21    God:
Gold:   80         SH:  3    Dex: 15    Spells: 6/10 levels left

rFire   . . .      SeeInvis +   d - +1 dagger (venom)
rCold   . . .      Faith    .   t - +0 buckler
rNeg    . . .      Spirit   .   u - +0 robe
rPois   .          Reflect  .   (no helmet)
rElec   .          Harm     .   (no cloak)
rCorr   .          Rampage  .   e - +0 pair of gloves
Will    .....                   (no boots)
Stlth   ++........              (no amulet)
HPRegen 0.06/turn               h - ring of see invisible
MPRegen 0.12/turn               (no ring)

@: no status effects
A: no striking features
a: no special abilities


You were on level 2 of the Dungeon.
You visited 1 branch of the dungeon, and saw 2 of its levels.

You collected 80 gold pieces.

Inventory:

Hand Weapons
 c - a +0 sling
 d - a +1 dagger of venom (weapon)
 f - a +0 spear
 g - a +0 club
 i - a +0 spear
 j - a +0 mace
 l - a +0 club
 n - a +0 club
 o - a +0 club
 s - a +0 sling
 v - a +0 sling
Missiles
 p - 8 stones
Armour
 a - a +0 robe
 e - a +0 pair of gloves (worn)
 k - a +0 ring mail
 q - a +0 chain mail
 t - a +0 buckler (worn)
 u - a +0 robe (worn)
Magical Staves
 m - a staff of earth
Jewellery
 h - a ring of see invisible (left hand)
Scrolls
 r - a scroll of magic mapping {unknown}
Potions
 b - a potion of magic


   Skills:
 - Level 2.4 Dodging
 - Level 2.4 Stealth
 + Level 4.2 Spellcasting
 + Level 5.0 Summonings


You had 6 spell levels left.
You knew the following spells:

 Your Spells              Type           Power      Damage    Failure   Level
a - Summon Small Mammal   Summ           100%       N/A       1%          1
b - Call Canine Familiar  Summ           25%        N/A       6%          3

Your spell library contained the following spells:

 Spells                   Type           Power      Damage    Failure   Level
 Call Imp                 Summ           25%        N/A       3%          2
 Summon Guardian Golem    Hex/Summ       15%        N/A       17%         3
 Ensorcelled Hibernation  Hex/Ice        8%         N/A       24%         2
 Passwall                 Tmut/Erth      3%         N/A       24%         2
 Swiftness                Air            4%         N/A       43%         3
 Summon Lightning Spire   Summ/Air       15%        N/A       50%         4


Dungeon Overview and Level Annotations

Branches:
Dungeon (2/15)

Altars:
Ashenzari


Message History

A ball python comes into view.
Something bites your hound.
Your hound is poisoned.
Something poisons your hound!
The kobold throws a stone.
The stone closely misses your hound. The stone hits you but does no damage.
Fire: c) +0 sling
Press: ? - help, Q - select action, (/) - cycle Shift-Dir - straight line, f - ball python
Aim: a ball python (50% to hit)
You shoot a sling bullet.
The sling bullet hits the ball python but does no damage.
You feel sick.
You hear an angry hiss.
The ball python bites you but does no damage.
The ball python closely misses you. The adder bites your hound.
Okay, then.
Okay, then.
Your +1 dagger of venom begins to drip with poison!
d - a +1 dagger of venom (weapon)
You feel sick.
You are no longer poisoned.
The ball python misses you. The ball python grabs you.
The ball python constricts you. The adder closely misses your hound.
You barely miss the ball python. The ball python barely misses you.
The ball python constricts you. The adder completely misses your hound.
You hit the ball python but do no damage.
The ball python is poisoned.
The adder bites your hound.
Your hound dies!
Your hound's corpse disappears in a puff of smoke!
The ball python misses you. The ball python constricts you.
You closely miss the ball python.
The ball python is moderately wounded.
The ball python bites you but does no damage.
The ball python constricts you.
* * * LOW HITPOINT WARNING * * *
The kobold misses you. You block the ball python's attack.
The ball python constricts you.
You hit the ball python.
You kill the ball python!
The kobold hits you with a +0 club.
You die...

#.###..#....
###.###.....
#.........#
#.#.###...# ###.
#.........### #.#.
#.######....##.##..l
#.# #.........g. #.#
##†###..#.K# #.# #@#
....# #.#
#K######..###### #.#
####gS...l.........
###
#...l..............
###################


You could see an adder, a goblin, a kobold and a frilled lizard.

Vanquished Creatures
  2 ball pythons
  2 endoplasms (D:1)
  3 goblins (D:1)
  A hobgoblin (D:1)
  2 frilled lizards (D:1)
10 creatures vanquished.

Vanquished Creatures (collateral kills)
  2 adders (D:2)
  A giant cockroach (D:2)
  A goblin (D:1)
  2 hobgoblins (D:1)
  A quokka (D:1)
  A ball python (D:1)
  A rat (D:1)
9 creatures vanquished.

Grand Total: 19 creatures vanquished

Notes
Turn   | Place    | Note
-------+----------+-------------------------------------------
     0 | D:1      | Heoruswealwe the Deep Elf Summoner began the quest for the
                  | Orb.
     0 | D:1      | Reached XP level 1. HP: 10/10 MP: 6/6
   562 | D:1      | Reached XP level 2. HP: 15/15 MP: 5/8
   846 | D:2      | Found a broken altar of Ashenzari.
   955 | D:2      | Reached skill level 5 in Summonings
   955 | D:2      | Reached XP level 3. HP: 19/19 MP: 7/10
  1020 | D:2      | Learned a level 3 spell: Call Canine Familiar
  1066 | D:2      | Slain by a kobold

Illustrated notes

Levels and vault maps discovered:
D:1:      psy_arrival_whirlpool, layout_basic
D:2:      minmay_recursive_quarters, layout_basic,
          shapermc_ecumenical_altar_rom_forum, basic_altar, minmay_ruptured

Skill      XL: |  1  2 |
---------------+-------+-----
Spellcasting   | 4 |  4.2
Summonings     | 5 |  5.0
Dodging        | |  2.4
Stealth        | |  2.4

Action                   || total
-------------------------++-------
Melee: Dagger            ||     4
 Fire: Sling             ||    54
 Cast: Summon Small Mamm ||    14
       Call Canine Famil ||     1
  Use: Scroll            ||     1
Armor: Robe              ||     9
Dodge: Dodged            ||    34
Block: Buckler           ||     2
